 Dungeon Crawl Stone Soup version 0.29.1-13-g9f3cf754e1 (webtiles) character file.

Game seed: 14509658256305858009

80 Rikuski the Chopper (level 4, -13/40 HPs)
             Began as a Minotaur Berserker on Jan 29, 2023.
             Was a Believer of Trog.
             Mangled by an ogre
             ... wielding a +0 giant club
              (16 damage)
             ... on level 3 of the Dungeon.
             The game lasted 00:18:09 (3181 turns).

Rikuski the Chopper (Minotaur Berserker)            Turns: 3181, Time: 00:18:10

Health: -13/40     AC:  6    Str: 24    XL:     4   Next: 18%
Magic:  3/3        EV: 11    Int:  8    God:    Trog [**....]
Gold:   94         SH:  0    Dex:  9    Spells: 3/3 levels left

rFire   . . .      SeeInvis .   u - +2 rapier (vamp)
rCold   . . .      Faith    .   (no shield)
rNeg    . . .      Spirit   .   y - +0 ring mail
rPois   .          Reflect  .   (helmet restricted)
rElec   .          Harm     .   (no cloak)
rCorr   .          Rampage  .   (no gloves)
Will    .....                   t - +0 pair of boots of the Enchanted Forest {rC- Int+4}
Stlth   ..........              x - amulet of magic regeneration
HPRegen 0.13/turn               o - ring of protection from cold
MPRegen 0.48/turn               (no ring)

@: no status effects
A: horns 2, retaliatory headbutt
a: Renounce Religion, Berserk, Trog's Hand


You were on level 3 of the Dungeon.
You worshipped Trog.
Trog was pleased with you.
You visited 1 branch of the dungeon, and saw 3 of its levels.

You collected 94 gold pieces.

Inventory:

Hand Weapons
 a - a +0 hand axe
 n - a +0 falchion
 u - a +2 vampiric rapier (weapon)
Armour
 b - a +0 animal skin
 h - a +0 leather armour
 k - a +0 robe
 t - the +0 pair of boots of the Enchanted Forest (worn) {rC- Int+4}
   (You found it on level 2 of the Dungeon)

   Int:       It affects your intelligence (+4).
   rC:        It makes you vulnerable to cold.
 y - a +0 ring mail (worn)
Jewellery
 o - a ring of protection from cold (left hand)
 x - an amulet of magic regeneration (around neck)
Scrolls
 d - 3 scrolls of magic mapping {unknown}
 j - a scroll of poison {unknown}
 l - 2 scrolls of immolation {unknown}
 m - a scroll of enchant armour {unknown}
 p - 3 scrolls of identify {unknown}
 q - a scroll of blinking {unknown}
 r - a scroll of vulnerability {unknown}
 s - a scroll of teleportation {unknown}
Potions
 c - a potion of magic {unknown}
 e - 3 potions of berserk rage {unknown}
 f - a potion of mutation {unknown}
 i - a potion of brilliance {unknown}
 v - a potion of heal wounds {unknown}
 w - 2 potions of flight {unknown}


   Skills:
 + Level 4.2 Fighting
 + Level 0.2 Short Blades
 + Level 4.8 Axes
 + Level 0.1 Throwing
 + Level 3.1 Armour
 + Level 2.7 Dodging
 + Level 0.1 Stealth


You had 3 spell levels left.
You didn't know any spells.
Your spell library contained the following spells:

 Spells                   Type           Power      Damage    Failure   Level
 Magic Dart               Conj           0%         1d3       54%         1
 Call Imp                 Summ           0%         N/A       69%         2
 Ensorcelled Hibernation  Hex/Ice        0%         N/A       69%         2
 Mephitic Cloud           Conj/Pois/Air  0%         N/A       89%         3
 Spider Form              Tmut/Pois      0%         N/A       89%         3
 Anguish                  Hex/Necr       0%         N/A       100%        4


Dungeon Overview and Level Annotations

Branches:
Dungeon (3/15)

Altars:
Cheibriados

Portals:
Sewer: D:3


Innate Abilities, Weirdness & Mutations

You have a pair of horns on your head.
You reflexively headbutt those who attack you in melee.


Message History

Press: ? - help, Q - select action, (/) - cycle Shift-Dir - straight line, f/p - ogre
Aim: an ogre, wielding a +0 giant club (72% to hit)
You throw a poisoned dart. The poisoned dart hits the ogre.
The ogre is poisoned.
The ogre closely misses you.
Throw: 3 darts (poison)
Press: ? - help, Q - select action, (/) - cycle Shift-Dir - straight line, f/p - ogre
Aim: an ogre, wielding a +0 giant club (moderately wounded, poisoned, 72% to hit)
You throw a poisoned dart.
The poisoned dart barely misses the ogre.
The ogre looks more healthy.
Throw: 2 darts (poison)
Press: ? - help, Q - select action, (/) - cycle Shift-Dir - straight line, f/p - ogre
Aim: an ogre, wielding a +0 giant club (moderately wounded, 72% to hit)
You throw a poisoned dart. The poisoned dart hits the ogre.
The ogre is poisoned.
The ogre is moderately wounded.
The ogre misses you. The ogre attacks as you move away!
The ogre hits you with a +0 giant club!!
Ouch! That really hurt!
The ogre looks more healthy.
You see here a poisoned dart.
Throw: dart (poison)
Press: ? - help, Q - select action, (/) - cycle Shift-Dir - straight line, f/p - ogre
Aim: an ogre, wielding a +0 giant club (heavily wounded, 72% to hit)
You throw a poisoned dart.
The poisoned dart barely misses the ogre.
You hear the rapid rusting of a drain.
The ogre attacks as you move away!
The ogre hits you with a +0 giant club!!
* * * LOW HITPOINT WARNING * * *
You see here a poisoned dart.
The ogre misses you.
Found a stone staircase leading down.
Found 7 stones.
Found 3 gold pieces.
There is a shaft here.
Found a dagger.
The ogre hits you with a +0 giant club!
You die...

... # #.. #. .. .# .. .#
... #.# #.##. .# #..#
#.###.##.# .# # #..#
#.##..##.###.#.####
#..###.(......^.@.......
......#.(~#...O.(......
#.#...~~~(~...####..#..
#.#.#~~~~~~~#...# .$..
##...~~~~~~~~..#.# #.)
..†...~~~∩~~~....# .
####..~~~~~~~~...# #
#.#~~~~~~~#.#.# #
#...~~~~~.(.#.###.#


You could see an ogre.

Vanquished Creatures
  3 adders
  2 worms
  4 endoplasms
  4 giant cockroaches
  3 goblins (D:2)
  2 hobgoblins
  4 jackals (D:1)
  3 quokkas (D:1)
  5 ball pythons
  2 bats
  5 frilled lizards
  6 kobolds
  3 rats
46 creatures vanquished.

Notes
Turn   | Place    | Note
-------+----------+-------------------------------------------
     0 | D:1      | Rikuski the Minotaur Berserker began the quest for the Orb.
     0 | D:1      | Reached XP level 1. HP: 19/19 MP: 0/0
   326 | D:1      | Reached XP level 2. HP: 25/27 MP: 1/1
   540 | D:2      | Found a snail-covered altar of Cheibriados.
  1013 | D:2      | Found a faded altar of an unknown god.
  1369 | D:2      | Reached XP level 3. HP: 4/33 MP: 2/2
  1645 | D:2      | Reached ** piety under Trog
  1658 | D:2      | Identified the +0 pair of boots of the Enchanted Forest
                  | {rC- Int+4}
  2632 | D:3      | Reached XP level 4. HP: 29/40 MP: 3/3
  2734 | D:3      | Found a glowing drain.
  2899 | D:3      | Noticed an ogre
  3170 | D:3      | HP: 1/40 [ogre/+0 giant club (18)]
  3181 | D:3      | Mangled by an ogre

Illustrated notes

Levels and vault maps discovered:
D:1:      zelgadis_glass_arrival_small, layout_basic
D:2:      layout_loops_ring, shapermc_ecumenical_altar_petra, basic_altar,
          fountainhead, minmay_divided_ellipse
D:3:      layout_loops_ring, cheibrodos_sewer_entry_drain, ebering_ghost_sewer_d

Skill      XL: |  1  2  3 |
---------------+----------+-----
Axes           | 4 |  4.8
Fighting       | 4 |  4.2
Armour         | 3 |  3.1
Short Blades   | |  0.2
Throwing       | |  0.1
Dodging        | |  2.7
Stealth        | |  0.1

Action                   |  1- 3 |  4- 6 || total
-------------------------+-------+-------++-------
Melee: Hand axe          |    60 |       ||    60
       Headbutt          |     8 |     1 ||     9
       Punch             |     1 |     1 ||     2
       Rapier            |    26 |    16 ||    42
Throw: Dart              |     5 |    11 ||    16
Armor: Leather armour    |    22 |     4 ||    26
       Animal skin       |     2 |       ||     2
Dodge: Dodged            |    73 |    23 ||    96
